 Dungeon Crawl Stone Soup version 0.23-a0-451-g1044d4cbad (webtiles) character file.

678 Manul the Sneak (level 7, -1/76 HPs)
             Began as a Demonspawn Assassin on Nov 22, 2018.
             Slain by a worker ant (3 damage)
             ... on level 5 of the Dungeon.
             The game lasted 00:05:47 (5058 turns).

Manul the Sneak (Demonspawn Assassin)               Turns: 5058, Time: 00:05:47

Health: -1/76      AC:  6    Str: 16    XL:     7   Next: 34%
Magic:  7/7        EV: 11    Int: 13    God:
Gold:   158        SH:  0    Dex: 16    Spells: 6/6 levels left

rFire    + . .     SeeInvis .   w - +3 dagger (vamp)
rCold    . . .     Gourm    .   (no shield)
rNeg     . . .     Faith    .   n - +0 ring mail
rPois    .         Spirit   .   (no helmet)
rElec    .         Reflect  .   d - +0 cloak
rCorr    .         Harm     .   (no gloves)
MR       .....                  (no boots)
Stlth    ..........             (no amulet)
HPRegen  0.22/turn              p - ring of protection from fire
MPRegen  0.10/turn              t - ring of flight

@: berserking (expiring), very quick
A: nightstalker 1
a: Evoke Flight


You were on level 5 of the Dungeon.
You were not hungry.

You visited 1 branch of the dungeon, and saw 5 of its levels.

You collected 158 gold pieces.

Inventory:

Hand Weapons
 a - a +2 dagger
 b - a +0 blowgun
 w - a +3 vampiric dagger (weapon)
Missiles
 e - 24 poisoned needles
 f - 2 curare-tipped needles
Armour
 c - a +0 robe
 d - a +0 cloak (worn)
 n - a +0 ring mail (worn)
 s - a +0 buckler
Jewellery
 p - a ring of protection from fire (left hand)
 t - a ring of flight (right hand)
Scrolls
 h - a scroll of immolation {unknown}
 i - a scroll of fog {unknown}
 j - a scroll of enchant weapon
 k - a scroll of magic mapping
 l - 4 scrolls of identify
 m - 6 scrolls of remove curse
 r - a scroll of amnesia
 x - a scroll of enchant armour
Potions
 o - a potion of lignification {unknown}
 u - a potion of cancellation {unknown}
 v - 2 potions of magic
 z - a potion of mutation {unknown}
 A - a potion of flight {unknown}
 B - a potion of heal wounds {unknown}
 C - a potion of agility {unknown}
Comestibles
 g - 4 rations
 D - 2 chunks of flesh


   Skills:
 + Level 2.9 Fighting
 + Level 3.4 Short Blades
 + Level 1.7 Throwing
 + Level 3.1 Armour
 + Level 2.2 Dodging
 * Level 6.4 Stealth


You had 6 spell levels left.
You didn't know any spells.
Your spell library was empty.

Dungeon Overview and Level Annotations

Branches:
Dungeon (5/15)             Temple (0/1) D:5

Altars:
Ashenzari
Nemelex Xobeh
Ru
Sif Muna
Trog

Annotations:
D:5 Dowan


Innate Abilities, Weirdness & Mutations

You are slightly more attuned to the shadows.


Message History

Your Armour skill increases to level 3!
The worker ant bites you.
You hit the iguana but do no damage. The iguana bites you!
* * * LOW HITPOINT WARNING * * *
The worker ant bites you.
* * * LOW HITPOINT WARNING * * *
You are too berserk!
You barely miss the iguana.
Dowan gestures wildly while chanting.
Dowan blinks!
The worker ant bites you but does no damage.
The iguana bites you!
* * * LOW HITPOINT WARNING * * *
You barely miss the iguana. You barely miss the iguana.
The worker ant closely misses you. The iguana bites you.
* * * LOW HITPOINT WARNING * * *
Unknown command.
The worker ant bites you.
You die...

#....[.........#...,,,,,**,.,,,
######.######........****,*,..,,,
#...........#......##* *,....,,,
#.####.####.#..##...## *#....,,,
#,#.......#.##..###..####.....,,,
#.#.##.##.#.###.# *#......e...,**
#.#.#...#.#.#..l## ##...#.....,,,
......_.......##.####..##,e...,,⌠
#.#.#...#.#.####@a##..##,,,...,,,
*,#.##.##.#.# ##.##..#*,,,,..,**
*,#.......#.# #.e..##*,,,,,#,,,
#.####.####.# ##....###,,.,,*,,,
#...........####...#...##..,,*,,,
######.######.............,,,,,,*
,,,,*#.........##......#..,,,,,,*
,,,**##........##.....###......,,
,,,***##......................,,,


You could see Dowan, an iguana and a worker ant.

Vanquished Creatures
  Duvessa (D:5)
  An ogre (D:4)
  A bullfrog (D:3)
  A water moccasin skeleton (D:4)
  A scorpion (D:4)
  A hound (D:4)
  A bullfrog skeleton (D:5)
  An orc wizard (D:4)
  Terence (D:3)
  3 worker ants
  8 adders
  2 worms
  3 leopard geckos
  6 orcs
  4 giant cockroaches
  7 hobgoblins
  3 jackals (D:2)
  5 kobolds
  3 quokkas
  5 ball pythons (D:3)
  4 bats
  2 frilled lizards
  8 goblins
  A leopard gecko skeleton (D:4)
  A quokka skeleton (D:5)
  8 rats
82 creatures vanquished.

Notes
Turn   | Place    | Note
-------+----------+-------------------------------------------
     0 | D:1      | Manul the Demonspawn Assassin began the quest for the Orb.
     0 | D:1      | Reached XP level 1. HP: 16/16 MP: 1/1
   146 | D:1      | Reached skill level 4 in Stealth
   183 | D:1      | Gained mutation: You are slightly more attuned to the
                  | shadows. [demonic ancestry]
   183 | D:1      | Reached XP level 2. HP: 9/22 MP: 2/2
  1070 | D:2      | Reached XP level 3. HP: 24/27 MP: 3/3
  1311 | D:2      | Reached skill level 1 in Dodging
  1646 | D:2      | Found a deep blue altar of Sif Muna.
  2125 | D:2      | Found a shattered altar of Ashenzari.
  2305 | D:2      | Reached XP level 4. HP: 33/33 MP: 4/4
  2583 | D:3      | Noticed a bullfrog
  2589 | D:3      | Killed a bullfrog
  2589 | D:3      | Reached skill level 1 in Armour
  2589 | D:3      | Reached skill level 5 in Stealth
  2589 | D:3      | Reached XP level 5. HP: 38/38 MP: 5/5
  2698 | D:3      | Noticed Terence
  2712 | D:3      | Killed Terence
  2819 | D:3      | Found a bloodstained altar of Trog.
  2884 | D:3      | Found a sparkling altar of Nemelex Xobeh.
  3179 | D:4      | Reached XP level 6. HP: 36/46 MP: 6/6
  3392 | D:4      | Noticed an orc warrior
  3762 | D:4      | Reached skill level 6 in Stealth
  4297 | D:5      | Entered Level 5 of the Dungeon
  4602 | D:5      | Noticed Dowan
  4605 | D:5      | Noticed Duvessa
  4688 | D:5      | Reached XP level 7. HP: 19/51 MP: 7/7
  4942 | D:5      | Found a sacrificial altar of Ru.
  5053 | D:5      | Killed Duvessa
  5057 | D:5      | HP: 2/76 [iguana (6)]
  5058 | D:5      | Slain by a worker ant

Vault maps used:
D:1:      minmay_arrival_wavy_path, minmay_stone_trees_small,
          grunt_decor_mini_mirrors
D:2:      lemuel_crystal_altar, lemuel_blue_sif_altar, first_ration,
          chequers_big_river, minmay_misc_feat_cross
D:3:      lemuel_crystal_altar, lemuel_doored_altar, minmay_shallow_snake_nest,
          uniq_terence
D:5:      nicolae_overflow_crystal_walls, nicolae_ru_sacrificial_ziggurat,
          lemuel_round_altar, minmay_temple_entry_junction_2, minivault_26,
          minmay_diced_spiral, uniq_duvessa

Skill      XL: |  1  2  3  4  5  6  7 |
---------------+----------------------+-----
Stealth        | 4 5 6 |  6.4
Dodging        | 1 2 |  2.2
Short Blades   | 2 3 |  3.4
Armour         | 1 2 3 |  3.1
Fighting       | |  2.9
Throwing       | |  1.7

Action                   |  1- 3 |  4- 6 |  7- 9 || total
-------------------------+-------+-------+-------++-------
Melee: Dagger            |   148 |   198 |    64 ||   410
Throw: Throwing net      |     1 |       |       ||     1
  Use: Scroll            |     1 |     5 |     2 ||     8
       Potion            |     1 |     6 |     1 ||     8
 Stab: Sleeping          |     6 |    12 |       ||    18
  Eat: Chunk             |     4 |     4 |     3 ||    11
       Ration            |       |     2 |       ||     2
Armor: Robe              |    12 |       |       ||    12
       Ring mail         |    30 |    48 |    14 ||    92
Dodge: Dodged            |    87 |   104 |    39 ||   230

Table legend:
 A = Non-vault XP
 B = Vault XP
 C = Vault XP percentage of total XP
 D = Non-vault monster count
 E = Vault monster count
 F = Vault count percentage of total count
                 A         B        C        D         E       F
            +---------+---------+-------+---------+---------+-------
      Total |     747 |     222 |  22.9 |      70 |      12 |  14.6
            +---------+---------+-------+---------+---------+-------
        D:1 |      27 |       0 |   0.0 |      16 |       0 |   0.0
        D:2 |      84 |       0 |   0.0 |      26 |       0 |   0.0
        D:3 |     108 |      57 |  34.5 |       9 |       7 |  43.8
        D:4 |     419 |       0 |   0.0 |      15 |       0 |   0.0
        D:5 |     109 |     165 |  60.2 |       4 |       5 |  55.6
            +---------+---------+-------+---------+---------+-------
